[Event "44th Chess Olympiad Open 2022"]
[Site "Chennai"]
[Date "2022.08.09"]
[Round "11.11"]
[White "Jumabayev, Rinat"]
[Black "Ganguly, Surya Shekhar"]
[Result "1-0"]
[ECO "A17"]
[WhiteElo "2617"]
[BlackElo "2608"]
[Annotator "TA"]
[PlyCount "95"]
[EventDate "2022.07.29"]
[EventType "team-tourn"]
[EventCountry "IND"]
[SourceTitle "playchess.com"]
[Source "ChessBase"]
[SourceQuality "1"]
[WhiteTeam "Kazakhstan"]
[BlackTeam "India"]
[WhiteTeamCountry "KAZ"]
[BlackTeamCountry "IND"]
[TimeControl "40/5400+30:1800+30"]

1. c4 e6 2. Nf3 Nf6 3. Nc3 d5 4. e3 b6 5. cxd5 exd5 6. b3 {[%emt 0:00:08] A17: English Opening: 1...Nf6 with ...Bb4.} Bb7 7. Bb2 Nbd7 8. Rc1 {[%emt 0:01:20] The position is equal.} a6 9. Ne2 c5 10. Ng3 g6 11. d4 Bg7 {[%emt 0:00:34] [#]} 12. Be2 $146 ({Predecessor:} 12. dxc5 bxc5 13. Be2 O-O 14. O-O Qe7 15. Qc2 Rac8 16. Rfd1 Rfd8 17. Qb1 Nf8 18. Qa1 {1-0 (35) Jacobson,B (2491)-Yoo,C (2457) Chess.com INT 2021}) 12... O-O 13. Rc2 Bc6 14. Qc1 Bb5 15. O-O Qb8 16. Rd1 Qb7 17. dxc5 bxc5 18. Bxf6 Bxf6 19. Bxb5 axb5 20. Rcd2 d4 21. exd4 cxd4 22. Qb1 (22. Nxd4 Bg5 $15) 22... Nc5 23. Nxd4 b4 24. Rc2 Ra5 25. Rc4 h5 26. h3 (26. Qc2 $14 Bxd4 27. Rdxd4 (27. Rcxd4 Ne6 $14)) 26... Re8 (26... Rfa8 $11 {remains equal.}) 27. Qc2 $16 h4 (27... Bxd4 $16 28. Rdxd4 (28. Rcxd4 Ne6 $16) 28... Ne6) 28. Nf1 $1 $18 (28. Rxc5 hxg3 29. Nf3 (29. Rxa5 Bxd4 30. Qd3 gxf2+ 31. Kf1 Qe7 $11) 29... Rxc5 30. Qxc5 Be7 $15) 28... Qb6 29. Ne3 {[%emt 0:05:36] Nd5 is the strong threat.} Rd8 {[%emt 0:03:32] Inhibits Nd5.} 30. Nf3 ({White should try} 30. Ng4 $18 Ra7 31. Nxf6+ (31. Rxc5 Bxd4 32. Rc4 Rad7 $16) 31... Qxf6 32. Rxb4 (32. Rxc5 Rxd4 33. Rxd4 Qxd4 $14)) 30... Rxd1+ $16 31. Qxd1 {[%emt 0:00:11] Hoping for Nd5.} (31. Nxd1 $6 Qa7 $14) 31... Ne6 (31... Rxa2 $2 32. Nd5 Qe6 33. Nxf6+ Qxf6 34. Rxc5 $18) 32. Rc2 (32. Nxh4 $6 Rxa2 33. Nf3 Ra1 $14) (32. Nd5 $16 Qd8 33. Nxf6+ Qxf6 34. Qd2 (34. Rxb4 Rxa2 35. Ra4 Rb2 $16)) 32... Qb7 33. Ng4 Bc3 34. Qc1 $36 {[%emt 0:00:54][%mdl 2048] White fights for an advantage.} Qa6 (34... Qe7 $14) 35. Qh6 (35. Nxh4 $2 Nd4 36. Rb2 (36. Nh6+ $2 Kg7 $19) 36... Qc6 $19) (35. Rxc3 $16 bxc3 36. Qxc3) 35... Qd3 $2 {[%emt 0:02:42][%mdl 8192] [#]} (35... Rxa2 36. Rxc3 $1 f5 37. Qxg6+ Ng7 38. Nh6+ Kh8 39. Rc6 Ra1+ 40. Kh2) (35... Qd6 $11 36. Rxc3 Qd1+ 37. Kh2 Qd6+ 38. Nfe5 Nc5 39. Rf3 f5 40. Rxf5 gxf5 41. Qxd6 Ra7 42. Qb8+ Kg7 43. Qxa7+ Nb7 44. Qxb7+ Kh8 45. Ng6+ Kg8 46. Nh6#) 36. Rxc3 $1 $18 Qxc3 {[%emt 0:00:03] [#]} 37. Nfe5 $1 Ng7 {[%emt 0:00:07] [#]} (37... Qxe5 38. Nxe5) 38. Nf6+ (38. Qh7+ $142 $3 Kf8 39. Qh8+ Ke7 40. Qxh4+ (40. Qxg7 Qc1+ 41. Kh2 Qf4+ 42. g3 hxg3+ 43. Kg2 Ra6 $11) 40... Kf8 41. Qh8+ Ke7 42. Qxg7 Rxe5 43. Qf6+ (43. Nxe5 Qc1+ 44. Kh2 Qf4+ 45. g3 Qxf2+ 46. Kh1 Qe1+ 47. Kh2 Qf2+ 48. Kh1 Qe1+ 49. Kh2 Qf2+ $11) 43... Ke8 44. Nxe5 Qc1+ 45. Kh2) 38... Kf8 {[%emt 0:00:01] [#]} 39. Nfd7+ $1 {[%emt 0:00:20] Pair of Knights! White is clearly winning.} (39. Ned7+ Ke7 $11) 39... Ke7 40. Qxh4+ ({Worse is} 40. Qxg7 Qc1+ 41. Kh2 Qf4+ 42. Kh1 (42. Kg1 Qc1+ 43. Kh2 Qf4+ 44. Kh1 Qc1+ 45. Kh2 $11) 42... Qc1+ 43. Kh2 Qf4+ 44. Kh1 (44. Kg1 Qc1+ 45. Kh2 $11) 44... Qc1+ 45. Kh2 $11) 40... Kd6 {[%emt 0:00:10] Threatens to win with ...Ne6.} 41. Qf6+ Ne6 42. Nc4+ Kxd7 43. Qxf7+ Kd8 44. Nxa5 {[%emt 0:01:01] White threatens Nb7+ and mate.} Qe1+ 45. Kh2 Qe5+ 46. f4 Qd5 47. Nb7+ Kc8 {[%emt 0:00:05] [#]} 48. Nc5 $1 {[%emt 0:00:11][%mdl 512] Weighted Error Value: White=0.21 (precise) /Black=0.40} 1-0

[Event "44th Chess Olympiad Open 2022"]
[Site "Chennai"]
[Date "2022.08.09"]
[Round "11.11"]
[White "Puranik, Abhimanyu"]
[Black "Nogerbek, Kazybek"]
[Result "1/2-1/2"]
[ECO "D02"]
[WhiteElo "2612"]
[BlackElo "2437"]
[Annotator "TA"]
[PlyCount "79"]
[EventDate "2022.07.29"]
[EventType "team-tourn"]
[EventCountry "IND"]
[SourceTitle "playchess.com"]
[Source "ChessBase"]
[SourceQuality "1"]
[WhiteTeam "India"]
[BlackTeam "Kazakhstan"]
[WhiteTeamCountry "IND"]
[BlackTeamCountry "KAZ"]
[TimeControl "40/5400+30:1800+30"]

1. Nf3 d5 2. g3 Nc6 3. d4 Bf5 4. Bg2 Nb4 5. Na3 e6 6. O-O Nf6 7. Bg5 {[%emt 0:01:48] D02: 1 d4 d5 2 Nf3 sidelines, including 2...Nf6 3 g3 and 2...Nf6 3 Bf4.} Be7 8. c3 Nc6 9. Nd2 {[%emt 0:02:00] White is slightly better.} O-O 10. Bxf6 Bxf6 {[%emt 0:00:13] [#]} 11. e4 $146 ({Predecessor:} 11. e3 a6 12. Re1 e5 13. Nb3 e4 14. c4 Nb4 15. Qd2 Nd3 16. Rf1 Be7 17. cxd5 Bxa3 18. bxa3 Qxd5 {0-1 (27) Jenkins,D-Ramirez,T IECG email 1995}) 11... dxe4 12. Nxe4 Be7 13. Nc4 Qc8 14. f4 Nb8 15. Ne3 {[%emt 0:03:58] 0x0.001f24fa4fc1dp-1022s more active pieces.} ({White should play} 15. g4 $16 Bxe4 16. Bxe4) 15... Bxe4 16. Bxe4 {[%emt 0:00:05] Strongly threatening f5.} Nd7 $1 17. f5 {[%emt 0:17:09] [#] aiming for fxe6.} Nf6 18. Bc2 c5 19. fxe6 fxe6 20. Qd3 {[%emt 0:00:47][%cal Of1f6] And now Rxf6! would win.} cxd4 21. cxd4 (21. Qxd4 $2 Bc5 22. Qd3 Qd8 23. Rxf6 Bxe3+ 24. Qxe3 Rxf6 $19) 21... g6 22. Bb3 Kh8 23. Rae1 Qd7 24. Bxe6 Qxe6 25. Nf5 $1 Qd7 26. Rxe7 Qd8 27. Rxb7 {[%emt 0:03:50] [#] Threatens to win with Ne3.} gxf5 28. Rxf5 Qc8 29. Re7 {[%emt 0:00:32][%cal Of5f6] Rxf6! is the strong threat.} Qc1+ 30. Rf1 Qh6 31. d5 Rac8 ({Much less strong is} 31... Rad8 32. d6 $16) 32. Kg2 Qg6 33. Rf5 (33. Qxg6 $11 hxg6 34. Rxa7) 33... Ng8 (33... Rce8 $15 34. d6 (34. Rxa7 Re5 $17) 34... Rxe7 35. dxe7 Re8) 34. Qd4+ $11 {[%emt 0:00:38] The position is equal.} Rf6 35. Rxf6 {[%emt 0:06:25] Chess con chili.} Qxf6 36. Qxf6+ Nxf6 37. d6 Rd8 38. Rxa7 Rxd6 39. Rb7 Rd2+ 40. Kf3 {[%emt 0:00:40] Weighted Error Value: White=0.12 (very precise) /Black=0.07 (flawless)} 1/2-1/2

[Event "44th Chess Olympiad Open 2022"]
[Site "Chennai"]
[Date "2022.08.09"]
[Round "11.11"]
[White "Urazayev, Arystanbek"]
[Black "Karthikeyan, Murali"]
[Result "0-1"]
[ECO "C77"]
[WhiteElo "2430"]
[BlackElo "2613"]
[Annotator "TA"]
[PlyCount "144"]
[EventDate "2022.07.29"]
[EventType "team-tourn"]
[EventCountry "IND"]
[SourceTitle "playchess.com"]
[Source "ChessBase"]
[SourceQuality "1"]
[WhiteTeam "Kazakhstan"]
[BlackTeam "India"]
[WhiteTeamCountry "KAZ"]
[BlackTeamCountry "IND"]
[TimeControl "40/5400+30:1800+30"]

1. e4 e5 2. Nf3 Nc6 3. Bb5 a6 4. Ba4 Nf6 5. d3 Bc5 6. c3 O-O {[%emt 0:00:26] C77: Ruy Lopez: 3...a6 4 Ba4 Nf6, unusual lines.} 7. O-O (7. Bxc6 $5 bxc6 8. Nxe5 $11) 7... d5 8. Nbd2 Re8 {[%emt 0:02:32] The position is equal.} 9. h3 b5 $5 {[%emt 0:01:48][%mdl 4] A promising side line.} 10. Bc2 h6 11. exd5 Nxd5 12. Ne4 {[%emt 0:02:54] [#]} Bf8 $146 ({Predecessor:} 12... Bb6 13. a4 Rb8 14. Ng3 f5 15. Re1 f4 16. Nh5 Bf5 17. d4 Bxc2 18. Qxc2 Qd6 19. axb5 axb5 {½-½ (36) Anokhin,Y (2427)-Schulz,K (2392) ICCF email 2019}) 13. Re1 Be6 14. Ng3 Bd6 15. d4 exd4 16. Nxd4 Nxd4 17. Qxd4 c5 18. Qd3 {[%emt 0:05:16] Intending Qh7+ and mate.} Nf6 {[%emt 0:01:15] Against Qh7+. Active counter play!} 19. Be3 Bc4 20. Qd1 Qc7 21. Nf5 Bh2+ 22. Kh1 Rad8 23. Qc1 {[%emt 0:01:47] [#] g3 is the strong threat.} Bf4 24. Bxf4 Rxe1+ 25. Qxe1 Qxf4 26. Ne3 Be6 27. Rd1 Re8 28. Kg1 (28. a3 $11) 28... Qg5 $15 29. Kh1 Bxa2 30. Qd2 {[%emt 0:02:12] Prevents Nd5.} Qf4 31. Ra1 {[%emt 0:01:14] [#]} Bd5 32. Rxa6 Qg5 33. Rd6 Be4 34. Rd8 Rxd8 35. Qxd8+ Kh7 $1 36. Bxe4+ Nxe4 37. Qxg5 hxg5 $11 {[%emt 0:00:02][%mdl 4096] Endgame KN-KN} 38. Kg1 Kg6 39. f3 Nd6 40. Kf2 Kf6 41. Ke2 Ke5 42. b3 Nb7 {[%emt 0:07:15] Threatens to win with ...Na5.} 43. Nf1 b4 44. cxb4 cxb4 45. Kd3 Na5 46. Nd2 Kd5 47. Ke3 f6 48. Kd3 f5 {[%emt 0:01:35] White should prevent ...f4.} 49. Ke3 (49. g4 $11 {remains equal.}) 49... f4+ $1 $17 50. Kd3 g6 $1 51. Kc2 Kd4 52. Ne4 Ke3 $1 53. Nxg5 Nc6 $1 {[%emt 0:00:10] Strongly threatening ...Nd4+.} 54. Ne4 ({Don't blunder} 54. Ne6 $2 Nd4+ 55. Nxd4 Kxd4 $19) 54... Nd4+ {[%emt 0:00:04][%mdl 1024] Black has strong compensation.} 55. Kb2 $2 (55. Kd1 $17) 55... Nf5 $1 $19 {[%emt 0:01:02] aiming for ...Nh4.} 56. Nf6 Kf2 57. Nd5 g5 $1 58. Nxb4 Kxg2 59. Nd3 Kxf3 {[%emt 0:00:06] Hoping for ...Ke3.} 60. b4 Ke3 61. Kc3 Ne7 62. Ne5 Nd5+ $1 63. Kc4 {[%emt 0:00:00] [#]} Nxb4 $1 64. Kxb4 {[%emt 0:00:35] KN-KPP} (64. Ng4+ Ke2) 64... f3 {[%emt 0:00:02] ( -> ...f2)} 65. Kc3 $2 (65. Ng4+ $11 Ke2 66. Nf6) 65... f2 {[%emt 0:00:04] Black mates.} 66. Ng4+ {[%emt 0:00:27] [#]} Ke2 $1 67. Nh2 f1=Q 68. Nxf1 Kxf1 69. Kd2 Kg2 70. Ke2 Kxh3 71. Kf2 {[%emt 0:00:20] [#]} g4 $1 72. Kg1 Kg3 {[%emt 0:00:05] Weighted Error Value: White=0.36/Black=0.03 (flawless)} 0-1

[Event "44th Chess Olympiad Open 2022"]
[Site "Chennai"]
[Date "2022.08.09"]
[Round "11.12"]
[White "Nguyen, Thai Dai Van"]
[Black "Gazik, Viktor"]
[Result "1/2-1/2"]
[ECO "A30"]
[WhiteElo "2629"]
[BlackElo "2544"]
[Annotator "TA"]
[PlyCount "60"]
[EventDate "2022.07.29"]
[EventType "team-tourn"]
[EventCountry "IND"]
[SourceTitle "playchess.com"]
[Source "ChessBase"]
[SourceQuality "1"]
[WhiteTeam "Czech Republic"]
[BlackTeam "Slovakia"]
[WhiteTeamCountry "CZE"]
[BlackTeamCountry "SVK"]
[TimeControl "40/5400+30:1800+30"]

1. Nf3 Nf6 2. c4 b6 3. g3 Bb7 4. Bg2 c5 5. O-O e6 6. Nc3 Be7 7. d4 cxd4 8. Qxd4 Nc6 9. Qf4 O-O 10. Rd1 Qb8 11. Qxb8 Raxb8 12. Bf4 Rbc8 13. Ne5 {[%emt 0:10:20] is the legacy move (13.Rac1).} d6 14. Nxc6 {[%emt 0:00:14] A30: Symmetrical English: Double Fianchetto and Hedgehog.} (14. Nd3 {with more complications.} Rfd8 15. b3 Na5 16. e4) 14... Bxc6 15. Bxd6 (15. e4 {seems wilder.} Rfd8 16. Rac1 h6 17. f3) 15... Bxd6 16. Rxd6 {[%emt 0:00:04] The position is equal.} Bxg2 17. Kxg2 {[%emt 0:00:04] Black should prevent b3.} Rxc4 18. Rad1 g5 19. R1d4 Rfc8 {[%emt 0:03:38] [#]} 20. e4 $146 ({Predecessor:} 20. Rd8+ Kg7 21. Rxc4 Rxd8 22. Rc7 Rd7 23. Rxd7 Nxd7 {½-½ (23) Osnos,V-Gipslis,A Frunze 1973}) 20... b5 21. Nxb5 Rc2 22. Nxa7 Ra8 23. Nc6 Rxb2 24. a4 Ng4 25. Rd2 (25. e5 {keeps more tension.} h5 26. h3 Ne3+ 27. Kf3) 25... Rxd2 26. Rxd2 {[%emt 0:00:02] [#] Threatens to win with Rd8+.} Rxa4 27. h3 Nf6 28. f3 Kg7 29. Ne5 h5 30. g4 hxg4 {[%emt 0:00:46] Weighted Error Value: White=0.06 (flawless) /Black=0.00 (flawless)} 1/2-1/2

[Event "44th Chess Olympiad Open 2022"]
[Site "Chennai"]
[Date "2022.08.09"]
[Round "11.12"]
[White "Pechac, Jergus"]
[Black "Navara, David"]
[Result "1-0"]
[ECO "D38"]
[WhiteElo "2594"]
[BlackElo "2688"]
[Annotator "TA"]
[PlyCount "89"]
[EventDate "2022.07.29"]
[EventType "team-tourn"]
[EventCountry "IND"]
[SourceTitle "playchess.com"]
[Source "ChessBase"]
[SourceQuality "1"]
[WhiteTeam "Slovakia"]
[BlackTeam "Czech Republic"]
[WhiteTeamCountry "SVK"]
[BlackTeamCountry "CZE"]
[TimeControl "40/5400+30:1800+30"]

1. d4 Nf6 2. c4 e6 3. Nf3 d5 4. Nc3 Bb4 5. Bg5 h6 6. Bxf6 Qxf6 7. cxd5 exd5 8. Rc1 O-O 9. a3 Bxc3+ 10. Rxc3 c6 {[%emt 0:02:30] D38: Queen's Gambit Declined: Ragozin Defence (4 Nf3 Bb4).} 11. Rg1 $5 {[%emt 0:01:03][%mdl 4] [#] An interesting side line.} Bg4 $146 ({Predecessor:} 11... Nd7 12. g4 Qd6 13. g5 Re8 14. Qc2 Qf4 15. Rg3 Nf8 16. gxh6 Qxh6 17. e3 Re4 18. Qb3 {0-1 (47) Cori,J (2652)-Mareco,S (2652) Chihuahua City 2022}) 12. Ne5 Be6 {[%emt 0:00:14] The position is equal.} 13. g4 Nd7 14. Nxd7 Bxd7 15. Qd2 Rae8 16. g5 $1 hxg5 17. Rxg5 Re4 18. Rcg3 g6 $36 {[%emt 0:00:09][%mdl 2048] White is under pressure.} 19. e3 Rfe8 (19... Rh4 $15 {feels stronger.}) 20. Bd3 $11 Qxd4 $1 (20... Rxd4 21. Qc3 Rf4 22. Rxg6+ $1 fxg6 23. Rxg6+ Kf7 24. Rxf6+ Rxf6 25. Qa5 $16) 21. Qc2 {[%emt 0:13:10] [#]} Qf6 $1 22. Bxe4 Rxe4 23. Kf1 ({Better is} 23. Qc3 $15 Qxc3+ 24. bxc3) 23... Rc4 $17 {[%emt 0:14:40][%mdl 1024] Black has strong compensation.} 24. Qb1 Kf8 $1 25. b3 Rh4 26. Kg1 Qh8 (26... a5 $17 27. Qc2 Bf5) 27. Qc1 $15 Kg8 (27... b6 $5 28. Rg2 Bh3 $15) 28. Qc5 ({White should play} 28. Rg2 $11) 28... Bh3 (28... Rxh2 29. Qxa7 Rh1+ 30. Kg2 $11) (28... Qa1+ $1 $15 29. Kg2 Qf6) 29. Qc1 (29. Rxh3 $5 Rxh3 30. Qxa7 $11) 29... Bd7 30. Qc5 Bh3 {[%emt 0:00:32] ( -> ...Qa1+)} (30... Rxh2 31. Qxa7 Rh1+ 32. Kg2 $11) 31. Qc1 {[%emt 0:00:08] Prevents Qa1.} Qf6 32. Qb1 a5 (32... Kf8 $15) 33. f4 $1 $11 {[%emt 0:02:08][%cal Rg5g6] And now Rxg6+! would win.} (33. Rxg6+ $2 fxg6 34. Rxg6+ Kh8 35. Rxf6 Rg4+ 36. Kh1 Bg2+ 37. Kg1 Be4+ 38. Kf1 Bxb1 $19) 33... Kh7 34. Re5 d4 35. Qa1 Qd6 ({Don't do} 35... a4 36. Qxd4 axb3 37. Rh5+ $3 Kg7 38. Rxh4 $16) (35... d3 $11 36. Qd4 (36. Rh5+ Kg7 $15) 36... Bf5) 36. Qxd4 $16 ({Of course not} 36. exd4 $6 Bf5 $11) 36... Qxa3 {[%emt 0:00:04] [#]} (36... Qxd4 $16 37. exd4 Be6) 37. Rxh3 $1 Qc1+ 38. Kg2 Qc2+ 39. Kg3 Rxh3+ 40. Kxh3 {[%emt 0:00:05] White threatens Re8 and mate.} Qe2 41. Qe4 {[%emt 0:32:24] Threatens to win with Re7.} f5 {[%emt 0:03:53] [#]} 42. Qg2 $1 Qh5+ 43. Kg3 Qd1 44. h3 {[%emt 0:00:00] Threatening mate with Re7+.} Qxb3 45. Re7+ {[%emt 0:00:00] Weighted Error Value: White=0.10 (very precise) /Black=0.41} 1-0

[Event "44th Chess Olympiad Open 2022"]
[Site "Chennai"]
[Date "2022.08.09"]
[Round "11.12"]
[White "Michalik, Peter"]
[Black "Repka, Christopher"]
[Result "1-0"]
[ECO "C11"]
[WhiteElo "2559"]
[BlackElo "2516"]
[Annotator "RC"]
[PlyCount "131"]
[EventDate "2022.07.29"]
[EventType "team-tourn"]
[EventCountry "IND"]
[SourceTitle "playchess.com"]
[Source "ChessBase"]
[SourceQuality "1"]
[WhiteTeam "Czech Republic"]
[BlackTeam "Slovakia"]
[WhiteTeamCountry "CZE"]
[BlackTeamCountry "SVK"]
[TimeControl "40/5400+30:1800+30"]

1. e4 e6 2. d4 d5 3. Nc3 Nf6 4. e5 Nfd7 5. f4 c5 6. Nf3 Nc6 7. Be3 a6 8. a3 cxd4 9. Nxd4 Bc5 10. Qd2 Bxd4 11. Bxd4 Nxd4 12. Qxd4 Qb6 13. Qxb6 Nxb6 14. O-O-O Bd7 15. Rd4 Nc8 16. Be2 h5 17. Rhd1 Ne7 18. R4d2 Rd8 19. Bd3 g6 20. Ne2 Nc6 21. Ng1 Ke7 22. Nf3 Rc8 23. Kb1 Rc7 24. Ng5 Rhc8 25. Be2 Na7 26. Nh7 Bb5 27. Bf3 Ba4 28. Rc1 Rc4 29. g3 Nc6 30. Be2 Re4 31. Nf6 Rd4 32. Rcd1 Rxd2 33. Rxd2 Nb8 34. b3 Bc6 35. Rd1 Bb5 36. Bf3 Bc6 37. Kc1 a5 38. Kb2 Na6 39. c4 Nc7 40. cxd5 exd5 41. Rc1 Ra8 42. Rc5 Ne6 43. Nxd5+ Kf8 44. Rc1 Rd8 45. Rd1 Kg7 46. f5 gxf5 47. Nf4 Rxd1 48. Nxh5+ Kh6 49. Bxd1 Nd4 50. Nf4 Bf3 51. e6 fxe6 52. Nxe6 Bxd1 53. Nxd4 Kg5 54. h3 Kf6 55. Kc1 Bh5 56. Kd2 Bf7 57. Ke3 Ke5 58. h4 b6 59. b4 axb4 60. axb4 Be8 61. Nf3+ Kd5 62. Nd2 b5 63. Kf4 Kd4 64. Kxf5 Ke3 65. Ne4 Kf3 66. Nf6 1-0

[Event "44th Chess Olympiad Open 2022"]
[Site "Chennai"]
[Date "2022.08.09"]
[Round "11.12"]
[White "Druska, Juraj"]
[Black "Hracek, Zbynek"]
[Result "1/2-1/2"]
[ECO "B51"]
[WhiteElo "2519"]
[BlackElo "2555"]
[Annotator "RC"]
[PlyCount "81"]
[EventDate "2022.07.29"]
[EventType "team-tourn"]
[EventCountry "IND"]
[SourceTitle "playchess.com"]
[Source "ChessBase"]
[SourceQuality "1"]
[WhiteTeam "Slovakia"]
[BlackTeam "Czech Republic"]
[WhiteTeamCountry "SVK"]
[BlackTeamCountry "CZE"]
[TimeControl "40/5400+30:1800+30"]

1. e4 c5 2. Nf3 Nc6 3. Bb5 d6 4. O-O Bd7 5. Re1 Nf6 6. c3 a6 7. Bf1 Bg4 8. h3 Bxf3 9. Qxf3 e6 10. d3 Be7 11. Bf4 O-O 12. Nd2 b5 13. Qd1 Nd7 14. Be2 Qb6 15. Be3 Rad8 16. Nf3 Nde5 17. Nd2 Nd7 18. a4 d5 19. axb5 axb5 20. exd5 exd5 21. d4 cxd4 22. cxd4 Bb4 23. Bd3 Rfe8 24. Rf1 Na5 25. b3 Nf6 26. Bg5 h6 27. Bxf6 Qxf6 28. Bxb5 Re7 29. Nf3 Rc7 30. Rc1 Rdc8 31. Rxc7 Rxc7 32. Ba4 g6 33. Qe2 Kg7 34. Qb5 Qd6 35. Ne5 Rb7 36. Qd3 Rc7 37. Rb1 Nb7 38. Be8 Nd8 39. Ra1 Qf6 40. Nf3 Ne6 41. Qd1 1/2-1/2

[Event "44th Chess Olympiad Open 2022"]
[Site "Chennai"]
[Date "2022.08.09"]
[Round "11.13"]
[White "Smirin, Ilia"]
[Black "Bogner, Sebastian"]
[Result "1/2-1/2"]
[ECO "A28"]
[WhiteElo "2601"]
[BlackElo "2545"]
[Annotator "RC"]
[PlyCount "104"]
[EventDate "2022.07.29"]
[EventType "team-tourn"]
[EventCountry "IND"]
[SourceTitle "playchess.com"]
[Source "ChessBase"]
[SourceQuality "1"]
[WhiteTeam "Israel"]
[BlackTeam "Switzerland"]
[WhiteTeamCountry "ISR"]
[BlackTeamCountry "SUI"]
[TimeControl "40/5400+30:1800+30"]

1. c4 e5 2. Nc3 Nf6 3. Nf3 Nc6 4. a3 d5 5. cxd5 Nxd5 6. Qc2 Nxc3 7. dxc3 Bd6 8. e4 O-O 9. Be2 Be6 10. Ng5 Bd7 11. O-O a5 12. a4 Qe7 13. Nf3 Nd8 14. Nd2 Ne6 15. Nc4 Nf4 16. Bxf4 exf4 17. Nxd6 Qxd6 18. Rfd1 Qe7 19. Qd2 Bc6 20. Qxf4 Qxe4 21. Qxe4 Bxe4 22. Rd7 Rac8 23. Bc4 Bg6 24. f4 Be4 25. Re7 Bc6 26. b4 Rce8 27. Rxc7 axb4 28. cxb4 Re4 29. b5 Rxc4 30. bxc6 bxc6 31. g3 Ra8 32. a5 g6 33. a6 c5 34. a7 Kg7 35. Re1 Ra4 36. Ree7 Rf8 37. Rxc5 Rd8 38. Rc2 Rd6 39. Kg2 h5 40. Rcc7 Ra2+ 41. Kf3 Rf6 42. Ke4 Ra1 43. h3 Ra4+ 44. Ke3 Ra3+ 45. Kd4 h4 46. g4 Rxf4+ 47. Kc5 Kh6 48. Rxf7 Rfa4 49. Kb5 Ra5+ 50. Kb6 Ra6+ 51. Kb5 R6a5+ 52. Kb6 Ra6+ 1/2-1/2

[Event "44th Chess Olympiad Open 2022"]
[Site "Chennai"]
[Date "2022.08.09"]
[Round "11.13"]
[White "Georgiadis, Nico"]
[Black "Boruchovsky, Avital"]
[Result "1-0"]
[ECO "C65"]
[WhiteElo "2578"]
[BlackElo "2551"]
[Annotator "RC"]
[PlyCount "57"]
[EventDate "2022.07.29"]
[EventType "team-tourn"]
[EventCountry "IND"]
[SourceTitle "playchess.com"]
[Source "ChessBase"]
[SourceQuality "1"]
[WhiteTeam "Switzerland"]
[BlackTeam "Israel"]
[WhiteTeamCountry "SUI"]
[BlackTeamCountry "ISR"]
[TimeControl "40/5400+30:1800+30"]

1. e4 e5 2. Nf3 Nc6 3. Bb5 Nf6 4. d3 Bc5 5. Ba4 O-O 6. O-O d6 7. c3 Ne7 8. h3 Ng6 9. d4 Bb6 10. Re1 c6 11. Bc2 Nh5 12. Nxe5 dxe5 13. Qxh5 exd4 14. Rd1 Re8 15. cxd4 Bxd4 16. Be3 Bxb2 17. Rxd8 Rxd8 18. Nd2 Bxa1 19. f4 Nf8 20. f5 Bd7 21. Nf3 Be8 22. e5 Rd5 23. Qh4 a5 24. f6 gxf6 25. Qxf6 Ne6 26. Bh6 Bd4+ 27. Nxd4 Rxd4 28. Qf5 Nf8 29. Qg5+ 1-0

[Event "44th Chess Olympiad Open 2022"]
[Site "Chennai"]
[Date "2022.08.09"]
[Round "11.13"]
[White "Postny, Evgeny"]
[Black "Baenziger, Fabian"]
[Result "1-0"]
[ECO "D23"]
[WhiteElo "2564"]
[BlackElo "2451"]
[Annotator "RC"]
[PlyCount "43"]
[EventDate "2022.07.29"]
[EventType "team-tourn"]
[EventCountry "IND"]
[SourceTitle "playchess.com"]
[Source "ChessBase"]
[SourceQuality "1"]
[WhiteTeam "Israel"]
[BlackTeam "Switzerland"]
[WhiteTeamCountry "ISR"]
[BlackTeamCountry "SUI"]
[TimeControl "40/5400+30:1800+30"]

1. d4 d5 2. c4 c6 3. Nf3 Nf6 4. Qb3 dxc4 5. Qxc4 Bf5 6. g3 e6 7. Bg2 Be7 8. O-O O-O 9. Nbd2 Nbd7 10. Qb3 Qb6 11. Nc4 Qa6 12. Bf4 Nb6 13. Bd6 Bxd6 14. Nxd6 Bg6 15. a4 Rfd8 16. a5 Rxd6 17. axb6 Qxe2 18. bxa7 Rd7 19. Ne5 Rc7 20. Nxc6 Nd5 21. Bxd5 exd5 22. Rfe1 1-0